 Dungeon Crawl Stone Soup version 0.20.1 (console) character file.

149 bli the Chiller (level 5, -5/40 HPs)
             Began as a Draconian Wanderer on July 2, 2017.
             Was an Initiate of Makhleb.
             Slain by a water moccasin (8 damage)
             ... on level 4 of the Dungeon.
             The game lasted 00:11:22 (2005 turns).

bli the Chiller (Draconian Wanderer)                Turns: 2005, Time: 00:11:23

Health: -5/40      AC:  5    Str: 15    XL:     5   Next: 9%
Magic:  2/11       EV:  9    Int: 14    God:    Makhleb [......]
Gold:   93         SH:  8    Dex:  9    Spells: 11/12 levels left

rFire    . . .     SeeInvis .   a - +0 spear
rCold    . . .     Gourm    .   k - +0 shield
rNeg     . . .     Faith    .   (armour unavailable)
rPois    .         Spirit   .   (helmet restricted)
rElec    .         Reflect  .   (no cloak)
rCorr    .         Harm     .   (no gloves)
MR       .....                  (no boots)
Stlth    ++........             (no amulet)
Regen    0.2/turn               m - ring of wizardry (curse)
MPRegen  0.2/turn               w - ring of stealth

@: very slightly contaminated
A: unfitting armour, cold-blooded, AC +5
a: Renounce Religion


You were on level 4 of the Dungeon.
You worshipped Makhleb.
Makhleb was noncommittal.
You were not hungry.

You visited 1 branch of the dungeon, and saw 4 of its levels.

You collected 93 gold pieces.

Inventory:

Hand Weapons
 a - a +0 spear (weapon)
 d - a +0 club
 t - a +1 hunting sling of flaming
Missiles
 g - 8 javelins (quivered)
 j - 5 stones
 u - 31 sling bullets
Armour
 e - +0 pearl dragon scales
 k - a +0 shield (worn)
Jewellery
 m - a cursed ring of wizardry (left hand)
 w - a ring of stealth (right hand)
Wands
 v - a wand of polymorph (13/24)
Scrolls
 l - 2 scrolls of identify {unknown}
 q - a scroll of remove curse {unknown}
 r - a scroll of enchant armour {unknown}
 s - 2 scrolls of random uselessness {unknown}
Potions
 h - a potion of heal wounds {unknown}
 i - a potion of degeneration {unknown}
 n - 2 potions of resistance {unknown}
 o - 2 potions of lignification {unknown}
Books
 b - the Grimoire of Contamination

   Spells                             Type                      Level
   a - Sting                          Conjuration/Poison           1
   b - Mephitic Cloud                 Conjuration/Poison/Air       3
Comestibles
 f - 3 bread rations
 p - 10 chunks of flesh


   Skills:
 + Level 1.0 Fighting
 + Level 1.1 Dodging
 * Level 3.0 Shields
 + Level 4.0 Spellcasting
 + Level 1.2 Conjurations
   Level 1.0 Hexes
   Level 4.0 Ice Magic
 + Level 1.6 Poison Magic


You had 11 spell levels left.
You knew the following spells:

 Your Spells              Type           Power        Failure   Level  Hunger
a - Sting                 Conj/Pois      #...         21%         1    None


Dungeon Overview and Level Annotations

Branches:
Dungeon (4/15)
 Temple: D:4-7

Altars:
Makhleb

Shops:
D:4 *

Annotations:
D:3 dvd's ghost, amateur MiSk


Innate Abilities, Weirdness & Mutations

Your plain brown scales are hard. (AC +5)
You cannot fit into any form of body armour.
You are cold-blooded and may be slowed by cold attacks.


Message History

The water moccasin bites you.
* * * LOW HITPOINT WARNING * * *
The water moccasin bites you.
* * * LOW HITPOINT WARNING * * *
Casting: Sting
Confirm with . or Enter, or press ? or * to list all spells.
Aiming: Sting
Press: ? - help, Shift-Dir - straight line, f/p - water moccasin
Aim: a water moccasin (almost dead, poisoned)
The sting misses the water moccasin.
The water moccasin bites you but does no damage.
Casting: Sting
Confirm with . or Enter, or press ? or * to list all spells.
Aiming: Sting
Press: ? - help, Shift-Dir - straight line, f/p - water moccasin
Aim: a water moccasin (almost dead, poisoned)
The sting hits the water moccasin.
The water moccasin appears unharmed.
The water moccasin is almost dead.
You block the water moccasin's attack. The water moccasin bites you!
You die...

#############
##.....#.....##
##............[## ##
###....<..........# .#
#.................# .#
##........)......[.# .#
#..................# .###
#..)....)..........#
...##
#..##......#####..##
##..###..###.....#.%.#.##
..#......###...#@S.∩.+.#
..#####........###...###
.. #...........## ### ..
#.##.####....# .. # ...#
#.##.# .. ..##.# #.##.#
..#. #.# #.##.# . #.#
..##.### ####...# ###.#
#.#


You could see a water moccasin.

Vanquished Creatures
  A hound (D:4)
  A centaur skeleton (D:4)
  An adder (D:2)
  An ooze (D:4)
  3 worms
  A dart slug (D:1)
  A leopard gecko (D:2)
  5 orcs (D:4)
  2 giant cockroaches
  6 goblins
  5 hobgoblins
  9 jackals
  5 kobolds
  A quokka (D:4)
  5 bats
  3 frilled lizards
  8 rats
58 creatures vanquished.

Notes
Turn   | Place    | Note
-------+----------+-------------------------------------------
     0 | D:1      | bli the Draconian Wanderer began the quest for the Orb.
     0 | D:1      | bli set off with: a +0 shield, the Grimoire of Contamination, a potion of curing, a +0 club, a bread ration
     0 | D:1      | Reached XP level 1. HP: 14/14 MP: 4/4
     0 | D:1      | Identified the Grimoire of Contamination
     2 | D:1      | Learned a level 1 spell: Sting
   381 | D:1      | Reached XP level 2. HP: 15/20 MP: 4/6
   936 | D:2      | Reached XP level 3. HP: 26/26 MP: 1/7
  1290 | D:2      | Reached skill level 1 in Poison Magic
  1624 | D:2      | Found a burning altar of Makhleb.
  1624 | D:2      | Noticed a blizzard demon
  1627 | D:2      | Noticed a hellwing
  1627 | D:2      | Noticed a neqoxec
  1629 | D:2      | Became a worshipper of Makhleb the Destroyer
  1695 | D:3      | Reached skill level 1 in Dodging
  1720 | D:3      | Reached XP level 4. HP: 32/34 MP: 6/9
  1737 | D:3      | Noticed dvd's ghost (amateur MiSk)
  1756 | D:4      | Reached skill level 1 in Conjurations
  1808 | D:4      | Reached skill level 1 in Fighting
  1853 | D:4      | Found Zammajak's Distillery.
  1864 | D:4      | Reached XP level 5. HP: 40/40 MP: 6/10
  1985 | D:4      | Found Ypepedu's Serpentskin Sales.
  1985 | D:4      | Noticed a water moccasin
  2005 | D:4      | Slain by a water moccasin

Skill      XL: |  1  2  3  4  5 |
---------------+----------------+-----
Poison Magic   | 1 |  1.6
Dodging        | 1 |  1.1
Conjurations   | 1 |  1.2
Fighting       | 1 |  1.0
Shields        | 3 |  3.0
Spellcasting   | 4 |  4.0
Hexes          | |  1.0
Ice Magic      | |  4.0

Action                   |  1- 3 |  4- 6 || total
-------------------------+-------+-------++-------
Melee: Club              |    51 |       ||    51
       Tailslap          |    12 |     5 ||    17
       Spear             |   103 |    39 ||   142
 Cast: Sting             |    52 |    22 ||    74
  Use: Potion            |       |     1 ||     1
  Eat: Chunk             |     3 |     1 ||     4
Armor: Skin              |    48 |     7 ||    55
Dodge: Dodged            |    67 |    19 ||    86
Block: Shield            |    62 |    18 ||    80
